 Dungeon Crawl Stone Soup version 0.31-a0-948-gf5be29c462 (webtiles) character file.

Game seed: 14437731989966086997

3159 BinkBink the Cleaver (level 10, -1/79 HPs)
             Began as a Formicid Fighter on Oct 21, 2023.
             Was a Believer of Dithmenos.
             Slain by a vampire
             ... wielding a +1 vampiric glaive
              (7 damage)
             ... in a bailey.
             The game lasted 00:16:30 (7695 turns).

BinkBink the Cleaver (Formicid Fighter)             Turns: 7695, Time: 00:16:31

Health: -1/79      AC: 16    Str: 25    XL:     10   Next: 15%
Magic:  0/10       EV:  7    Int:  6    God:    Dithmenos [**....]
Gold:   439        SH:  6    Dex: 13    Spells: 9/9 levels left

rFire   . . .        m - +4 hand axe (chaos)
rCold   + + +        c - +0 buckler
rNeg    . . .        E - +2 plate armour {rC+}
rPois   .            (helmet unavailable)
rElec   +            (no cloak)
rCorr   .            (no gloves)
SInv    +            f - +0 pair of boots
Will    +....        h - amulet of guardian spirit Stlth
                     d - ring of protection from cold
HPRegen 0.33/turn    j - ring of protection from cold
MPRegen 0.12/turn

%: guardian spirit
@: mighty, wreathed by umbra
A: permanent stasis, dig shafts and tunnels, antennae 3, four strong arms, dopey
1, screaming 1, electricity resistance
a: Dig, Renounce Religion, Shadow Step


You were in a bailey.
You worshipped Dithmenos.
Dithmenos was pleased with you.
You visited 2 branches of the dungeon, and saw 12 of its levels.
You also visited: Bailey.

You collected 439 gold pieces.

Inventory:

Hand Weapons
 a - the +7 rapier of Jecinn {flame, rF+++ rC- Will+++ Str-2}
   (You found it on level 4 of the Dungeon)

   Str-2:     It affects your strength (-2).
   rF+++:     It renders you almost immune to fire.
   rC-:       It makes you vulnerable to cold.
   Will+++:   It greatly increases your willpower.
 m - a +4 hand axe of chaos (weapon)
Missiles
 n - a throwing net
Armour
 b - a +0 scale mail
 c - a +0 buckler (worn)
 f - a +0 pair of boots (worn)
 E - a +2 plate armour of cold resistance (worn)
Jewellery
 d - a ring of protection from cold (left hand)
 h - an amulet of guardian spirit (around neck)
 j - a ring of protection from cold (right hand)
 q - a +5 ring of evasion
 y - a +6 ring of intelligence
 z - a ring of wizardry
Wands
 u - a wand of iceblast (5)
 v - a wand of quicksilver (13)
 w - a wand of flame (43)
Scrolls
 g - a scroll of vulnerability
 k - a scroll of amnesia
 t - 2 scrolls of poison
 C - 2 scrolls of immolation
 D - a scroll of revelation {unknown}
Potions
 i - 6 potions of curing
 l - a potion of degeneration
 p - a potion of enlightenment
 r - a potion of cancellation
 x - a potion of resistance
 B - a potion of ambrosia {unknown}


   Skills:
 + Level 7.4 Fighting
 * Level 8.9 Axes
 + Level 7.4 Armour
 + Level 8.8 Shields


You had 9 spell levels left.
You didn't know any spells.
Your spell library contained the following spells:

 Spells                   Type           Power      Damage    Failure   Level
 Lesser Beckoning         Tloc           0%         N/A       100%        2
 Momentum Strike          Conj/Tloc      0%         3d8       100%        2
 Call Canine Familiar     Summ           0%         N/A       100%        3
 Sigil of Binding         Hex            0%         N/A       100%        3
 Dimensional Bullseye     Hex/Tloc       0%         N/A       100%        4
 Leda's Liquefaction      Hex/Erth       0%         N/A       100%        4
 Summon Ice Beast         Ice/Summ       0%         N/A       100%        4
 Summon Mana Viper        Hex/Summ       0%         N/A       100%        5
 Monstrous Menagerie      Summ           0%         N/A       100%        7
 Blink                    Tloc           Unusable   N/A       N/A         2

Dungeon Overview and Level Annotations

Branches:
Dungeon (11/15)            Temple (1/1) D:4            Lair (0/5) D:8
 Bailey (1/1)
    Orc: D:9-12

Altars:
Ashenzari
Cheibriados
Dithmenos
Elyvilon
Fedhas
Hepliaklqana
Kikubaaqudgha
Makhleb
Nemelex Xobeh
Qazlal
Ru
Sif Muna
Trog
Uskayaw
Vehumet
Wu Jian
Xom
Zin

Annotations:
D:8 Erica


Innate Abilities, Weirdness & Mutations

You cannot be hasted, slowed, berserked, paralysed or teleported.
You can dig through walls and to a lower floor.
You have a pair of large antennae on your head. (SInv)
Your four strong arms can wield two-handed weapons with a shield.
You are dopey. (Int -2)
You occasionally shout uncontrollably at your foes.
You are resistant to electric shocks. (rElec)


Message History

The vampire bites you.
The vampire draws strength from your injuries!
You slash the vampire!
The vampire is moderately damaged.
The vampire hits you with a +1 vampiric glaive!
* * * LOW HITPOINT WARNING * * *
The vampire draws strength from your wounds!
You block the vampire's attack.
You feel much better.
The vampire hits you with a +1 vampiric glaive!
You block the vampire's attack.
Okay, then.
You feel very mighty all of a sudden.
The vampire hits you with a +1 vampiric glaive.
The vampire bites you but does no damage.
You hit the vampire but do no damage.
The vampire is lightly damaged.
The vampire hits you with a +1 vampiric glaive!
The vampire draws strength from your wounds!
The vampire closely misses you.
You slash the vampire!
The vampire convulses!!
The vampire is almost destroyed.
The vampire draws life force from you.
The vampire is healed by the life force!
You closely miss the vampire.
The vampire is almost destroyed.
The vampire draws life force from you!
* * * LOW HITPOINT WARNING * * *
The vampire is healed by the life force!
You feel better.
The vampire hits you with a +1 vampiric glaive!
* * * LOW HITPOINT WARNING * * *
You block the vampire's attack.
You hit the vampire but do no damage.
The vampire is heavily damaged.
You hit the vampire.
The vampire is severely damaged.
The vampire hits you but does no damage.
The vampire bites you!
You die...

#8.....##..##...+
#########....#...#
#8...............#
#.........#......#
###''##...##....8#
##....##...#######
##......##....)...#
#...##...#8......8#
#.@####..##########
#.V## #..# #8..#
..8# ##[!..)!##
##.!!8## #####


You could see a vampire (resistant, invisible).

Vanquished Creatures
  A centaur warrior (D:11)
  A gargoyle (Bailey)
  A troll (D:11)
  An acid dragon (D:11)
  2 black bears
  An ice beast (D:6)
  3 sky beasts (D:7)
  An orc warrior (D:8)
  An ogre (D:5)
  3 phantoms
  A scorpion (D:6)
  A killer bee (D:6)
  A howler monkey (D:4)
  5 hounds
  A gnoll bouda (D:5)
  7 orc priests
  A jelly (D:5)
  A sleepcap (D:6)
  2 iguanas
  4 orc wizards
  9 gnolls
  4 adders
  4 worms
  4 dart slugs
  38 orcs
  6 ball pythons
  7 endoplasms
  8 goblins
  7 hobgoblins
  4 jackals (D:3)
  6 kobolds
  6 quokkas
  5 bats
  6 frilled lizards
  6 orc zombies (Bailey)
  2 rats
161 creatures vanquished.

Vanquished Creatures (others)
  An orc (D:11)
1 creature vanquished.

Grand Total: 162 creatures vanquished

Notes
Turn   | Place    | Note
-------+----------+-------------------------------------------
     0 | D:1      | BinkBink the Formicid Fighter began the quest for the Orb.
     0 | D:1      | Reached XP level 1. HP: 18/18 MP: 1/1
   277 | D:1      | Reached XP level 2. HP: 20/24 MP: 2/2
   485 | D:1      | Reached XP level 3. HP: 29/29 MP: 3/3
   566 | D:1      | Found a faded altar of an unknown god.
  1009 | D:2      | Reached XP level 4. HP: 37/37 MP: 4/4
  1841 | D:3      | Reached XP level 5. HP: 26/42 MP: 1/5
  2404 | D:3      | Found a radiant altar of Vehumet.
  2406 | D:3      | Found a glowing golden altar of the Shining One.
  2406 | D:3      | Found a shimmering altar of Xom.
  2408 | D:3      | Found an opulent altar of Gozag.
  2408 | D:3      | Found a bloodstained altar of Trog.
  2408 | D:3      | Found a shimmering altar of Xom.
  2658 | D:4      | Found a staircase to the Ecumenical Temple.
  2668 | D:4      | Identified the +7 rapier of Jecinn {flame, rF+++ rC-
                  | Will+++ Str-2}
  2673 | Temple   | Entered the Ecumenical Temple
  2710 | Temple   | Became a worshipper of Dithmenos the Shadowed
  2808 | D:4      | Noticed a phantom
  2834 | D:4      | Killed a phantom
  2835 | D:4      | Reached skill level 5 in Shields
  2893 | D:4      | Reached XP level 6. HP: 48/48 MP: 6/6
  3467 | D:5      | Entered Level 5 of the Dungeon
  3580 | D:5      | Noticed an ogre
  3582 | D:5      | Gained mutation: You are dopey. (Int -2) [potion of
                  | mutation]
  3582 | D:5      | Gained mutation: You occasionally shout uncontrollably at
                  | your foes. [potion of mutation]
  3582 | D:5      | Gained mutation: You are resistant to electric shocks.
                  | (rElec) [potion of mutation]
  3585 | D:5      | Killed an ogre
  3647 | D:5      | Noticed a black bear
  3655 | D:5      | Killed a black bear
  3656 | D:5      | Reached XP level 7. HP: 54/55 MP: 5/7
  3660 | D:5      | Reached skill level 5 in Axes
  3762 | D:5      | Reached skill level 5 in Fighting
  3848 | D:5      | Reached skill level 5 in Armour
  3933 | D:5      | You fall into a shaft and drop 2 floors!
  4497 | D:5      | Reached XP level 8. HP: 56/62 MP: 6/8
  4510 | D:5      | Reached * piety under Dithmenos
  5388 | D:6      | Reached XP level 9. HP: 65/69 MP: 7/9
  5939 | D:7      | Identified the +1 falchion of a ziggurat {drain, rPois
                  | Str+3}
  6583 | D:8      | Found a staircase to the Lair.
  6629 | D:8      | Noticed Erica
  6698 | D:8      | You fall into a shaft and drop 3 floors!
  6698 | IceCv    | Identified the "Haafisou"
  6889 | D:11     | Noticed a centaur warrior
  6906 | D:11     | Killed a centaur warrior
  7017 | D:11     | Noticed a troll
  7023 | D:11     | Killed a troll
  7024 | D:11     | Reached XP level 10. HP: 54/79 MP: 6/10
  7239 | D:10     | Entered Level 10 of the Dungeon
  7425 | D:10     | Found a flagged portal.
  7435 | Bailey   | Entered a bailey
  7471 | Bailey   | Reached ** piety under Dithmenos
  7520 | Bailey   | Noticed a gargoyle
  7531 | Bailey   | Killed a gargoyle
  7695 | Bailey   | Slain by a vampire

Illustrated notes

Levels and vault maps discovered:
D:1:      lemuel_arrival_muddy, layout_basic,
          shapermc_ecumenical_altar_mp_vishouse, serial_curves, eino_curves_03,
          eino_curves_02
D:2:      layout_basic
D:3:      layout_basic, doesnt_xom_only_xom
D:4:      layout_loops_ring, minmay_temple_entry_stoned_glass,
          kennysheep_decorative_pillar, st_stairs_2, patterned_corridor
D:5:      layout_cave_pods
D:6:      layout_rooms, grunt_ministairs_2, grunt_tough_drop
D:7:      layout_loops_ring, lightli_orcish_oven
D:8:      layout_loops_ring, mainiacjoe_overflow_24_doors, lair_entry_dummy,
          uniq_erica
D:9:      layout_basic, grunt_temple_overflow_holy_war, uniq_maurice
D:10:     layout_basic, mainiacjoe_overflow_alcove_1, enter_bailey_6,
          minivault_15
D:11:     layout_roguey [special_room_orc], hiddenorc2_lemuel,
          portal_ice_cave_entry_imps
Temple:   bh_familiar_temple
Bailey:   bailey_polearm_vampire_castle_hellmonk, bailey

Skill      XL: |  1  2  3  4  5  6  7  8  9 |
---------------+----------------------------+-----
Axes           | 3 4 5 6 8 |  8.9
Armour         | 4 5 6 7 |  7.4
Fighting       | 4 5 6 7 |  7.4
Shields        | 5 6 7 8 |  8.8

Action                     |  1- 3 |  4- 6 |  7- 9 | 10-12 || total
---------------------------+-------+-------+-------+-------++-------
  Melee: War axe           |    92 |    28 |       |       ||   120
         Hand axe          |       |    87 |   104 |    36 ||   227
         Rapier            |       |    44 |   171 |       ||   215
Ability: Shaft Self        |       |       |     2 |       ||     2
    Use: Potion            |       |     5 |     2 |     4 ||    11
         Scroll            |       |     7 |     4 |     3 ||    14
   Stab: Paralysed         |       |       |     2 |       ||     2
         Confused          |       |       |       |     1 ||     1
 Armour: Scale mail        |    67 |    82 |   155 |       ||   304
         Plate armour      |       |       |    59 |    41 ||   100
  Dodge: Dodged            |    44 |    64 |   103 |     9 ||   220
  Block: Buckler           |    28 |    40 |    84 |    11 ||   163

Table legend: (Time is in decaauts)
 A = Elapsed time spent in this place.
 B = Non-inter-level travel time spent in this place.
 C = Inter-level travel time spent in this place.
 D = Time resting spent in this place.
 E = Time spent auto-exploring this place.
 F = Levels seen in this place.
 G = Mean time per level.
                   A        B        C        D        E       F      G
               +--------+--------+--------+--------+--------+-----+--------+
         Total |   7792 |   7460 |    332 |   1376 |   4333 |  13 |  599.4 |
       Dungeon |   7462 |   7201 |    261 |   1264 |   4316 |  11 |  678.4 |
        Temple |     73 |      2 |     71 |      0 |      0 |   1 |   73.0 |
        Bailey |    255 |    255 |      0 |    112 |     17 |   1 |  255.0 |
               +--------+--------+--------+--------+--------+-----+--------+

Top non-repeatable levels by time:
     D:5: 1141 daAuts
     D:3: 985 daAuts
     D:6: 983 daAuts
     D:2: 977 daAuts
     D:7: 804 daAuts
     D:4: 773 daAuts
     D:1: 725 daAuts
    D:11: 537 daAuts
     D:8: 336 daAuts
  Bailey: 255 daAuts
    D:10: 187 daAuts
  Temple: 73 daAuts
     D:9: 8 daAuts
